 Dungeon Crawl Stone Soup version 0.28.0 (webtiles) character file.

Game seed: 14804378053005553311

166 RepHenryClay the Slasher (level 5, -2/41 HPs)
             Began as a Barachi Fighter on Feb 18, 2022.
             Killed from afar by an orc wizard (5 damage)
             ... with a puff of flame
             ... on level 3 of the Dungeon.
             The game lasted 00:03:59 (2989 turns).

RepHenryClay the Slasher (Barachi Fighter)          Turns: 2989, Time: 00:04:00

Health: -2/41      AC: 10    Str: 17    XL:     5   Next: 47%
Magic:  0/5        EV:  7    Int:  8    God:
Gold:   144        SH:  5    Dex: 14    Spells: 4/4 levels left

rFire   . . .      SeeInvis .   a - +0 long sword
rCold   . . .      Faith    .   c - +0 buckler
rNeg    . . .      Spirit   +   p - +0 chain mail
rPois   .          Reflect  .   l - +0 helmet
rElec   .          Harm     .   (no cloak)
rCorr   .          Rampage  .   (no gloves)
Will    .....                   (no boots)
Stlth   ..........              f - amulet of guardian spirit
HPRegen 0.13/turn               (no ring)
MPRegen 0.09/turn               (no ring)

@: unable to hop, slow
A: amphibious, slowness 1, strong legs 1, +LOS
a: Hop


You were on level 3 of the Dungeon.
You visited 1 branch of the dungeon, and saw 3 of its levels.

You collected 144 gold pieces.

Inventory:

Hand Weapons
 a - a +0 long sword (weapon)
Missiles
 o - 13 poisoned darts
Armour
 c - a +0 buckler (worn)
 l - a +0 helmet (worn)
 p - a +0 chain mail (worn)
Jewellery
 f - an amulet of guardian spirit (around neck)
Scrolls
 e - 4 scrolls of identify {unknown}
 h - a scroll of amnesia {unknown}
 i - a scroll of enchant armour {unknown}
 k - a scroll of torment {unknown}
 n - a scroll of summoning {unknown}
Potions
 d - a potion of might


   Skills:
 - Level 3.6 Fighting
 * Level 5.0 Long Blades
 + Level 4.7 Armour
 + Level 2.5 Dodging
 - Level 3.2 Shields


You had 4 spell levels left.
You didn't know any spells.
Your spell library contained the following spells:

 Spells                   Type           Power      Damage    Failure   Level
 Animate Skeleton         Necr           0%         N/A       100%        1
 Apportation              Tloc           0%         N/A       100%        1
 Summon Small Mammal      Summ           0%         N/A       100%        1
 Corpse Rot               Necr/Air       0%         N/A       100%        2
 Poisonous Vapours        Pois/Air       0%         N/A       100%        2


Dungeon Overview and Level Annotations

Branches:
Dungeon (3/15)

Altars:


Innate Abilities, Weirdness & Mutations

You are amphibious.
You cover ground slowly.
You can hop short distances.
You have an extended range of vision and can be seen from far away.


Message History

Okay, then.
Okay, then.
It was a potion of attraction.
You feel attractive to monsters. The orc is attracted toward you.
Something is attracted toward you. x2
It was a potion of lignification.
You turn into a tree.
Your +0 helmet melds into your body.
Your +0 chain mail melds into your body.
Your roots penetrate the ground.
Something is attracted toward you.
You hit the orc.
The orc is severely wounded.
You hear some strange, mumbled words.
You are confused.
The orc hits you but does no damage. Something hits you but does no damage.
Unknown command.
You cannot move. (Use ctrl+direction or * direction to attack without moving.) It was a potion of cancellation.
Your magical effects are unravelling.
You feel magically purged.
You feel less wooden.
Your +0 helmet unmelds from your body.
Your +0 chain mail unmelds from your body.
You feel less confused. The orc hits you with a +0 club.
* * * LOW HITPOINT WARNING * * *
Something hits you.
* * * LOW HITPOINT WARNING * * *
You block something's attack.
You feel less attractive to monsters.
Huge Dmg: -20%(-8hp) hp: 15%(6hp)
You slash the orc!
You kill the orc!
You block something's attack. Something hits you but does no damage.
You hit something. Something hits you.
* * * LOW HITPOINT WARNING * * *
Something hits you.
* * * LOW HITPOINT WARNING * * *
You hear some strange, mumbled words.
A puff of flame appears from out of thin air!
The puff of flame hits you.
You die...

.####...## #.# #. ##.....## #.# #.
##.......##### #.# #.
#............# #.# #.
##.......###.# #.# #o #.###.....##
#.# #.# #. #.........# #)# #.# #.
######....# #.###########.# #.
##.#.####..@.<.......)######.
#.#.......){...........)....
########[##########################
.........# ##########


There were no monsters in sight!

Vanquished Creatures
  A hound (D:2)
  Jessica (D:2)
  Robin (D:2)
  3 adders
  A worm (D:1)
  2 dart slugs
  3 orcs (D:3)
  A bat (D:3)
  3 endoplasms
  14 goblins
  5 hobgoblins (D:2)
  2 jackals (D:3)
  6 quokkas
  6 ball pythons
  6 kobolds
  2 rats (D:1)
57 creatures vanquished.

Notes
Turn   | Place    | Note
-------+----------+-------------------------------------------
     0 | D:1      | RepHenryClay the Barachi Fighter began the quest for the
                  | Orb.
     0 | D:1      | Reached XP level 1. HP: 18/18 MP: 1/1
   155 | D:1      | Found a faded altar of an unknown god.
   222 | D:1      | Reached XP level 2. HP: 24/24 MP: 2/2
   300 | D:1      | Reached skill level 3 in Long Blades
   438 | D:1      | Reached skill level 1 in Dodging
   693 | D:2      | Noticed Robin
   973 | D:1      | Reached XP level 3. HP: 29/29 MP: 3/3
  1074 | D:2      | Noticed Jessica
  1080 | D:2      | Killed Jessica
  1290 | D:2      | Reached skill level 4 in Long Blades
  1290 | D:2      | Reached XP level 4. HP: 31/36 MP: 4/4
  1993 | D:2      | Killed Robin
  1994 | D:2      | Reached XP level 5. HP: 41/41 MP: 5/5
  2928 | D:3      | Reached skill level 5 in Long Blades
  2989 | D:3      | Killed from afar by an orc wizard

Illustrated notes

Levels and vault maps discovered:
D:1:      dpeg_arrival_rhombus, layout_loops_cross,
          shapermc_ecumenical_altar_mp_urbaneastern, minmay_cut_off
D:2:      layout_basic, serial_bayou_pond_e, feat_on_display, uniq_jessica,
          uniq_robin
D:3:      layout_loops_ring, chequers_serial_rivers_micro_a, uniq_terence

Skill      XL: |  1  2  3  4  5 |
---------------+----------------+-----
Long Blades    | 3 4 5 |  5.0
Dodging        | 1 2 |  2.5
Armour         | 4 |  4.7
Fighting       | |  3.6
Shields        | |  3.2

Action                   |  1- 3 |  4- 6 || total
-------------------------+-------+-------++-------
Melee: Long sword        |    57 |   100 ||   157
 Abil: Hop               |       |     1 ||     1
  Use: Potion            |       |     4 ||     4
Armor: Scale mail        |    36 |    37 ||    73
       Chain mail        |       |     7 ||     7
       Skin              |       |     2 ||     2
Dodge: Dodged            |    33 |    69 ||   102
Block: Buckler           |    16 |    34 ||    50
